PAA
MYRTLE BEACH MERMEN @ MARQUETTE MINERS
05/07/2020
 
TOP OF THE 1ST
Myrtle Beach Mermen batting - Pitching for Marquette Miners : RHP José Ramírez
Pitching: RHP José Ramírez
Batting: RHB Scott Peterson 0-0: Ball
1-0: Ball
2-0: Called Strike
2-1: Ball
3-1: Base on Balls
Batting: RHB José Caballero 0-0: Ball
1-0: Ball
2-0: Called Strike
2-1: Swinging Strike
2-2: Ball
3-2: Strikes out swinging
Batting: RHB Ryan Carr 0-0: Swinging Strike
0-1: Ball
1-1: Fly out, F5 (Popup, 5D)
Batting: RHB Álex Rodríguez 0-0: Called Strike
0-1: DOUBLE (Flyball, 7LD)
Scott Peterson to third
Runner from 3rd tries for Home, SAFE, no throw or cutoff
Batting: SHB Avery Little 0-0: SINGLE (Groundball, 56D)
Álex Rodríguez to third
Runner from 3rd tries for Home, SAFE, no throw or cutoff
Batting: RHB Otso Tuulari 0-0: Foul Ball, location: 2F
0-1: Swinging Strike
0-2: Ball
1-2: Ball
2-2: Strikes out looking
Top of the 1st over - 2 run(s), 2 hit(s), 0 error(s), 1 left on base; Myrtle Beach 2 - Marquette 0
BOTTOM OF THE 1ST
Marquette Miners batting - Pitching for Myrtle Beach Mermen : LHP Jason Puckett
Pitching: LHP Jason Puckett
Batting: RHB Jesús López 0-0: Ball
1-0: Called Strike
1-1: Ground out 4-3 (Groundball, 4)
Batting: RHB Kade Knowles 0-0: Called Strike
0-1: SINGLE (Groundball, 56D)
Batting: LHB Ramón García 0-0: Ball
1-0: Fly out, F9 (Flyball, 89M)
Batting: RHB Adrian Hale 0-0: Ball
1-0: Foul Ball, location: 2F
1-1: Ball
2-1: Ball
3-1: Ground out U3 (Groundball, 3)
Bottom of the 1st over - 0 run(s), 1 hit(s), 0 error(s), 1 left on base; Myrtle Beach 2 - Marquette 0
TOP OF THE 2ND
Myrtle Beach Mermen batting - Pitching for Marquette Miners : RHP José Ramírez
Batting: SHB Val Brown 0-0: Ball
1-0: Fly out, F6 (Popup, 6)
Batting: RHB António Ruíz 0-0: Foul Ball, location: 2F
0-1: Called Strike
0-2: Foul Ball, location: 2F
0-2: Ball
1-2: Ball
2-2: Strikes out swinging
Batting: SHB David Vázquez 0-0: Foul Ball, location: 2F
0-1: Called Strike
0-2: Fly out, F8 (Flyball, 8RM)
Top of the 2nd over - 0 run(s), 0 hit(s), 0 error(s), 0 left on base; Myrtle Beach 2 - Marquette 0
BOTTOM OF THE 2ND
Marquette Miners batting - Pitching for Myrtle Beach Mermen : LHP Jason Puckett
Batting: RHB Isaac Downey 0-0: Fly out, F5 (Line Drive, 5L)
Batting: RHB Dave Moulin 0-0: Ball
1-0: Fly out, F8 (Flyball, 8LM)
Batting: LHB Ramón Hernández 0-0: Ball
1-0: Called Strike
1-1: Called Strike
1-2: Strikes out swinging
Bottom of the 2nd over - 0 run(s), 0 hit(s), 0 error(s), 0 left on base; Myrtle Beach 2 - Marquette 0
TOP OF THE 3RD
Myrtle Beach Mermen batting - Pitching for Marquette Miners : RHP José Ramírez
Batting: RHB Scott Peterson 0-0: Fly out, F7 (Flyball, 78M)
Batting: RHB José Caballero 0-0: SINGLE (Line Drive, 78S)
Batting: RHB Ryan Carr 0-0: Swinging Strike
0-1: Ball
1-1: Foul Ball, location: 2F
1-2: Ball
2-2: Foul Ball, location: 2F
2-2: Ball
3-2: Base on Balls
José Caballero to second
Batting: RHB Álex Rodríguez 0-0: Called Strike
José Caballero steals 3rd base
Ryan Carr to second
0-1: Swinging Strike
0-2: Strikes out swinging
Batting: SHB Avery Little 0-0: Ball
1-0: Ball
2-0: Fly out, F8 (Flyball, 8LM)
Top of the 3rd over - 0 run(s), 1 hit(s), 0 error(s), 2 left on base; Myrtle Beach 2 - Marquette 0
BOTTOM OF THE 3RD
Marquette Miners batting - Pitching for Myrtle Beach Mermen : LHP Jason Puckett
Batting: LHB Joe McElroy 0-0: Fly out, F4 (Popup, 3DF)
Batting: LHB Jorge Flores 0-0: Ball
1-0: Swinging Strike
1-1: Ball
Single, Error in OF, E7, batter to second base
Batting: RHB Jesús López 0-0: Called Strike
0-1: Ball
1-1: SINGLE (Groundball, 56D)
Jorge Flores to third
Runner from 3rd tries for Home, SAFE, no throw or cutoff
Batting: RHB Kade Knowles 0-0: Ball
1-0: Fly out, F9 (Flyball, 9LM)
Batting: LHB Ramón García 0-0: Called Strike
0-1: Called Strike
0-2: Strikes out swinging
Bottom of the 3rd over - 1 run(s), 2 hit(s), 1 error(s), 1 left on base; Myrtle Beach 2 - Marquette 1
TOP OF THE 4TH
Myrtle Beach Mermen batting - Pitching for Marquette Miners : RHP José Ramírez
Batting: RHB Otso Tuulari 0-0: Called Strike
0-1: Foul Ball, location: 2F
0-2: Foul Ball, location: 2F
0-2: Strikes out looking
Batting: SHB Val Brown 0-0: Ball
1-0: Swinging Strike
1-1: Ball
2-1: Foul Ball, location: 2F
2-2: Strikes out swinging
Batting: RHB António Ruíz 0-0: Swinging Strike
0-1: Called Strike
0-2: Foul Ball, location: 2F
0-2: Strikes out looking
Top of the 4th over - 0 run(s), 0 hit(s), 0 error(s), 0 left on base; Myrtle Beach 2 - Marquette 1
BOTTOM OF THE 4TH
Marquette Miners batting - Pitching for Myrtle Beach Mermen : LHP Jason Puckett
Batting: RHB Adrian Hale 0-0: Called Strike
0-1: Swinging Strike
0-2: Foul Ball, location: 2F
0-2: Ball
1-2: Ball
2-2: Fly out, F8 (Flyball, 8LS)
Batting: RHB Isaac Downey 0-0: Ball
1-0: Called Strike
1-1: SINGLE (Groundball, 6M)
Batting: RHB Dave Moulin 0-0: Ball
1-0: Ball
2-0: Swinging Strike
2-1: 2-RUN HOME RUN (Flyball, 89XD), Distance : 441 ft
Batting: LHB Ramón Hernández 0-0: Called Strike
0-1: Swinging Strike
0-2: Ball
1-2: SINGLE (Line Drive, 7LS)
Batting: LHB Joe McElroy 0-0: Foul Ball, location: 2F
0-1: Foul Ball, location: 2F
0-2: Ball
1-2: SINGLE (Groundball, 5D)
Ramón Hernández to second
Batting: LHB Jorge Flores 0-0: Called Strike
0-1: Ball
1-1: Ball
2-1: Ball
3-1: Base on Balls
Ramón Hernández to third
Joe McElroy to second
Batting: RHB Jesús López 0-0: Called Strike
0-1: Fly out, F2 (Popup, 23F)
Batting: RHB Kade Knowles 0-0: Ball
1-0: Called Strike
1-1: Ball
2-1: SINGLE (Line Drive, 7S)
Ramón Hernández scores
Joe McElroy to third
Jorge Flores to second
Batting: LHB Ramón García 0-0: Called Strike
0-1: Called Strike
0-2: Fly out, F5 (Popup, 5SF)
Bottom of the 4th over - 3 run(s), 5 hit(s), 0 error(s), 3 left on base; Myrtle Beach 2 - Marquette 4
TOP OF THE 5TH
Myrtle Beach Mermen batting - Pitching for Marquette Miners : RHP José Ramírez
Batting: SHB David Vázquez 0-0: Ball
1-0: Swinging Strike
1-1: Ball
2-1: Ball
3-1: Foul Ball, location: 2F
3-2: Strikes out looking
Batting: RHB Scott Peterson 0-0: SOLO HOME RUN (Flyball, 78XD), Distance : 460 ft
Batting: RHB José Caballero 0-0: Fly out, F9 (Flyball, 9LM)
Batting: RHB Ryan Carr 0-0: Ball
1-0: Ball
2-0: Fly out, F9 (Flyball, 89S)
Top of the 5th over - 1 run(s), 1 hit(s), 0 error(s), 0 left on base; Myrtle Beach 3 - Marquette 4
BOTTOM OF THE 5TH
Marquette Miners batting - Pitching for Myrtle Beach Mermen : LHP Jason Puckett
Batting: RHB Adrian Hale 0-0: Foul Ball, location: 2F
0-1: Ball
1-1: Foul Ball, location: 2F
1-2: Foul Ball, location: 2F
1-2: SINGLE (Line Drive, 34D)
Batting: RHB Isaac Downey 0-0: Called Strike
0-1: Ball
1-1: Ball
2-1: Ball
3-1: Called Strike
3-2: Fly out, F7 (Flyball, 78M)
Batting: RHB Dave Moulin 0-0: Ball
1-0: Fly out, F8 (Flyball, 8LM)
Batting: LHB Ramón Hernández 0-0: Ball
1-0: Ball
2-0: Foul Ball, location: 2F
2-1: Called Strike
2-2: Ball
3-2: Ground out 6-3 (Groundball, 56)
Bottom of the 5th over - 0 run(s), 1 hit(s), 0 error(s), 1 left on base; Myrtle Beach 3 - Marquette 4
TOP OF THE 6TH
Myrtle Beach Mermen batting - Pitching for Marquette Miners : RHP José Ramírez
Batting: RHB Álex Rodríguez 0-0: Foul Ball, location: 2F
0-1: Foul Ball, location: 2F
0-2: Ball
1-2: SINGLE (Line Drive, 56)
Batting: SHB Avery Little 0-0: Ball
1-0: Grounds into double play, 4-6-3 (Groundball, 4)
Batting: RHB Otso Tuulari 0-0: Called Strike
0-1: Called Strike
0-2: Ball
1-2: Fly out, F7 (Flyball, 8LXD)
Top of the 6th over - 0 run(s), 1 hit(s), 0 error(s), 0 left on base; Myrtle Beach 3 - Marquette 4
BOTTOM OF THE 6TH
Marquette Miners batting - Pitching for Myrtle Beach Mermen : LHP Jason Puckett
Batting: LHB Joe McElroy 0-0: Fly out, F3 (Popup, 2R)
Batting: LHB Jorge Flores 0-0: SINGLE (Line Drive, 6MD)
Batting: RHB Jesús López 0-0: Ball
1-0: Ball
2-0: Called Strike
2-1: Ball
3-1: Foul Ball, location: 2F
3-2: Fly out, F9 (Flyball, 9LM)
Batting: RHB Kade Knowles 0-0: Ball
1-0: Ball
2-0: Fly out, F7 (Flyball, 78M)
Bottom of the 6th over - 0 run(s), 1 hit(s), 0 error(s), 1 left on base; Myrtle Beach 3 - Marquette 4
TOP OF THE 7TH
Myrtle Beach Mermen batting - Pitching for Marquette Miners : RHP José Ramírez
Now at 1B: George Dooley
Now at 3B: Fernand Cicarelli
Batting: SHB Val Brown 0-0: Swinging Strike
0-1: Called Strike
0-2: Ball
1-2: Strikes out swinging
Batting: RHB António Ruíz 0-0: Fly out, F3 (Popup, 3DF)
Batting: SHB David Vázquez 0-0: Ball
1-0: Swinging Strike
1-1: Called Strike
1-2: Strikes out looking
Top of the 7th over - 0 run(s), 0 hit(s), 0 error(s), 0 left on base; Myrtle Beach 3 - Marquette 4
BOTTOM OF THE 7TH
Marquette Miners batting - Pitching for Myrtle Beach Mermen : LHP Jason Puckett
Pitching: LHP Dusty Muhidini
Batting: LHB Ramón García 0-0: Called Strike
0-1: Called Strike
0-2: Strikes out swinging
Batting: RHB Adrian Hale 0-0: Called Strike
0-1: Swinging Strike
0-2: Strikes out swinging
Batting: RHB Isaac Downey 0-0: Swinging Strike
0-1: Foul Ball, location: 2F
0-2: Ball
1-2: Strikes out swinging
Bottom of the 7th over - 0 run(s), 0 hit(s), 0 error(s), 0 left on base; Myrtle Beach 3 - Marquette 4
TOP OF THE 8TH
Myrtle Beach Mermen batting - Pitching for Marquette Miners : RHP José Ramírez
Pitching: RHP Miguel Ruíz
Batting: RHB Scott Peterson 0-0: Ball
1-0: Foul Ball, location: 2F
1-1: Called Strike
1-2: Foul Ball, location: 2F
1-2: Ball
2-2: TRIPLE (Flyball, 89M)
Pitching: RHP Dermott Audley
Pinch Hitting: RHB Oliver Aranda 0-0: Ball
1-0: Ball
2-0: Called Strike
2-1: Swinging Strike
2-2: Foul Ball, location: 2F
2-2: Ball
3-2: Base on Balls
Pinch Hitting: SHB Carlos Carranza 0-0: Ball
1-0: SINGLE (Line Drive, 6D)
Scott Peterson scores
Oliver Aranda to second
Batting: RHB Álex Rodríguez 0-0: Ground out 5-3 (Groundball, 5S)
Oliver Aranda to third
Carlos Carranza to second
Batting: SHB Avery Little 0-0: Intentional Walk
Pinch Hitting: RHB Jim Unknown 0-0: Swinging Strike
0-1: Ball
1-1: Ball
2-1: Ball
3-1: Fly out, F9 (Flyball, 89S)
Batting: SHB Val Brown 0-0: Called Strike
0-1: Ball
1-1: Called Strike
1-2: Ground out 5-3 (Groundball, 5S)
Top of the 8th over - 1 run(s), 2 hit(s), 0 error(s), 3 left on base; Myrtle Beach 4 - Marquette 4
BOTTOM OF THE 8TH
Marquette Miners batting - Pitching for Myrtle Beach Mermen : LHP Dusty Muhidini
Now in LF: Oliver Aranda
Now in CF: Carlos Carranza
Batting: RHB Dave Moulin 0-0: Ball
Now at 1B: Jim Unknown 1-0: Foul Ball, location: 2F
1-1: Foul Ball, location: 2F
1-2: Foul Ball, location: 2F
1-2: Ball
2-2: Foul Ball, location: 2F
2-2: DOUBLE (Groundball, 5L)
Batting: LHB Ramón Hernández 0-0: Intentional Walk
Pinch Hitting: LHB Carl Pierce 0-0: Foul Ball, location: 2F
0-1: Bunt missed!
0-2: Ball
1-2: Strikes out swinging
Pinch Hitting: RHB Abdurahman Paloka 0-0: Swinging Strike
0-1: Called Strike
Dave Moulin is caught stealing 3rd base
Ramón Hernández to second
0-2: Ball
1-2: Fly out, F8 (Flyball, 89M)
Bottom of the 8th over - 0 run(s), 1 hit(s), 0 error(s), 1 left on base; Myrtle Beach 4 - Marquette 4
TOP OF THE 9TH
Myrtle Beach Mermen batting - Pitching for Marquette Miners : RHP Dermott Audley
Pitching: RHP Steven Williams
Now at 1B: Abdurahman Paloka
Now in RF: Carl Pierce
Pinch Hitting: RHB Mike Fleming 0-0: Swinging Strike
0-1: Ball
1-1: Fly out, F7 (Line Drive, 78S)
Batting: SHB David Vázquez 0-0: Called Strike
0-1: Ball
1-1: Ball
2-1: SINGLE (Groundball, 34)
Batting: RHB Scott Peterson 0-0: Ball
1-0: Ball
2-0: Foul Ball, location: 2F
2-1: Ball
3-1: Swinging Strike
3-2: Foul Ball, location: 2F
3-2: Strikes out looking
David Vázquez steals 2nd base
Batter strikes out.
Batting: RHB Oliver Aranda 0-0: Ground out 4-3 (Groundball, 34)
Top of the 9th over - 0 run(s), 1 hit(s), 0 error(s), 1 left on base; Myrtle Beach 4 - Marquette 4
BOTTOM OF THE 9TH
Marquette Miners batting - Pitching for Myrtle Beach Mermen : LHP Dusty Muhidini
Now at SS: Mike Fleming
Batting: RHB Jesús López 0-0: Foul Ball, location: 2F
0-1: Ground out 5-3 (Groundball, 5S)
Pinch Hitting: RHB Cole McKnight 0-0: Fly out, F8 (Flyball, 8LM)
Batting: LHB Ramón García 0-0: Foul Ball, location: 2F
0-1: Ball
1-1: Ball
2-1: Swinging Strike
2-2: Foul Ball, location: 2F
2-2: Strikes out swinging
Bottom of the 9th over - 0 run(s), 0 hit(s), 0 error(s), 0 left on base; Myrtle Beach 4 - Marquette 4
TOP OF THE 10TH
Myrtle Beach Mermen batting - Pitching for Marquette Miners : RHP Steven Williams
Now at 3B: Manuel Herrera
Batting: SHB Carlos Carranza 0-0: Fly out, F8 (Flyball, 8LXD)
Batting: RHB Álex Rodríguez 0-0: Foul Ball, location: 2F
0-1: Swinging Strike
0-2: Ball
1-2: Ball
2-2: SINGLE (Groundball, 4MD)
Batting: SHB Avery Little 0-0: Ball
1-0: Ball
2-0: Ball
Wild Pitch!
Álex Rodríguez to second
3-0: Base on Balls
Batting: RHB Jim Unknown 0-0: Called Strike
0-1: Swinging Strike
0-2: Ground out 4-3 (Groundball, 13)
Álex Rodríguez to third
Avery Little to second
Pinch Hitting: RHB Glenn Salazar 0-0: Ball
1-0: Swinging Strike
1-1: Ball
2-1: Fly out, F2 (Popup, 2LF)
Top of the 10th over - 0 run(s), 1 hit(s), 0 error(s), 2 left on base; Myrtle Beach 4 - Marquette 4
BOTTOM OF THE 10TH
Marquette Miners batting - Pitching for Myrtle Beach Mermen : LHP Dusty Muhidini
Now at C: Glenn Salazar
Batting: RHB Adrian Hale 0-0: Called Strike
0-1: Ball
1-1: Foul Ball, location: 2F
1-2: Foul Ball, location: 2F
1-2: Strikes out swinging
Batting: RHB Isaac Downey 0-0: Ball
1-0: Called Strike
1-1: Ball
2-1: Ball
3-1: Foul Ball, location: 2F
3-2: Base on Balls
Pitching: RHP Kenny Ryan
Batting: RHB Dave Moulin 0-0: Ball
1-0: Foul Ball, location: 2F
1-1: Swinging Strike
1-2: Ball
2-2: Foul Ball, location: 2F
2-2: Strikes out swinging
Batting: LHB Ramón Hernández 0-0: Fly out, F8 (Flyball, 8RS)
Bottom of the 10th over - 0 run(s), 0 hit(s), 0 error(s), 1 left on base; Myrtle Beach 4 - Marquette 4
TOP OF THE 11TH
Myrtle Beach Mermen batting - Pitching for Marquette Miners : RHP Steven Williams
Pitching: LHP Wilson Castillo
Batting: RHB Mike Fleming 0-0: Ball
1-0: Swinging Strike
1-1: Ground out 5-3 (Groundball, 56)
Batting: SHB David Vázquez 0-0: Ball
1-0: Called Strike
1-1: Called Strike
1-2: Ball
2-2: Strikes out swinging
Batting: RHB Scott Peterson 0-0: Ball
1-0: Called Strike
1-1: Called Strike
1-2: Strikes out swinging
Top of the 11th over - 0 run(s), 0 hit(s), 0 error(s), 0 left on base; Myrtle Beach 4 - Marquette 4
BOTTOM OF THE 11TH
Marquette Miners batting - Pitching for Myrtle Beach Mermen : RHP Kenny Ryan
Batting: LHB Carl Pierce 0-0: Ball
1-0: Ball
2-0: Called Strike
2-1: Foul Ball, location: 2F
2-2: Foul Ball, location: 2F
2-2: Fly out, F7 (Flyball, 7LM)
Batting: RHB Abdurahman Paloka 0-0: Ball
1-0: Ball
2-0: Called Strike
2-1: Foul Ball, location: 2F
2-2: Foul Ball, location: 2F
2-2: Strikes out looking
Batting: RHB Jesús López 0-0: Ball
1-0: Called Strike
1-1: Fly out, F8 (Flyball, 8RM)
Bottom of the 11th over - 0 run(s), 0 hit(s), 0 error(s), 0 left on base; Myrtle Beach 4 - Marquette 4
TOP OF THE 12TH
Myrtle Beach Mermen batting - Pitching for Marquette Miners : LHP Wilson Castillo
Batting: RHB Oliver Aranda 0-0: Called Strike
0-1: Ball
1-1: Called Strike
1-2: Ball
2-2: Ball
3-2: Base on Balls
Batting: SHB Carlos Carranza 0-0: Ball
Wild Pitch!
Oliver Aranda to second
1-0: Intentional Walk
Batting: RHB Álex Rodríguez 0-0: Called Strike
Throwing error on steal attempt, E2
Oliver Aranda scores
Carlos Carranza to third
0-1: Foul Ball, location: 2F
0-2: Ball
1-2: Ball
2-2: Strikes out swinging
Batting: SHB Avery Little 0-0: Intentional Walk
Pitching: RHP Ayres Valido
Batting: RHB Jim Unknown 0-0: Swinging Strike
0-1: Swinging Strike
0-2: Foul Ball, location: 2F
0-2: Ball
1-2: Strikes out looking
Batting: RHB Glenn Salazar 0-0: Swinging Strike
0-1: Ball
1-1: Swinging Strike
1-2: Strikes out looking
Top of the 12th over - 1 run(s), 0 hit(s), 1 error(s), 2 left on base; Myrtle Beach 5 - Marquette 4
BOTTOM OF THE 12TH
Marquette Miners batting - Pitching for Myrtle Beach Mermen : RHP Kenny Ryan
Batting: RHB Manuel Herrera 0-0: Called Strike
0-1: Ball
1-1: Called Strike
1-2: Ball
2-2: Ball
3-2: SINGLE (Groundball, 34D)
Batting: LHB Ramón García 0-0: Ball
1-0: Ball
2-0: Called Strike
2-1: Fielders Choice at 2nd, 3-6 (Groundball, 3)
Pitching: RHP Manuel Carrión
Batting: RHB Adrian Hale 0-0: Ball
1-0: Ball
2-0: Foul Ball, location: 2F
2-1: Foul Ball, location: 2F
2-2: Ball
3-2: Fly out, F9 (Flyball, 89M)
Batting: RHB Isaac Downey 0-0: Ball
1-0: Ball
2-0: Ball
3-0: Base on Balls
Ramón García to second
Batting: RHB Dave Moulin 0-0: Ball
1-0: Foul Ball, location: 2F
1-1: Fly out, F8 (Flyball, 89XD)
Bottom of the 12th over - 0 run(s), 1 hit(s), 0 error(s), 2 left on base; Myrtle Beach 5 - Marquette 4
This league is powered by Out of the Park Baseball, the baseball management simulation game for PC, Mac and Linux
Friday, October 23rd, 2015 - OOTP Baseball 16.9 Build 39